 Dungeon Crawl Stone Soup version 0.31-a0-986-g5e6e4ef867 (webtiles) character file.

Game seed: 12305884069462163657

141 Danienth the Sneak (level 5, 0/25 HPs)
             Began as a Spriggan Enchanter on Nov 12, 2023.
             Was a Follower of Okawaru.
             Shot with a sling bullet by a goblin (5 damage)
             ... led by Robin
             ... on level 3 of the Dungeon.
             The game lasted 00:12:34 (2461 turns).

Danienth the Sneak (Spriggan Enchanter)             Turns: 2461, Time: 00:12:34

Health: 0/25       AC:  2    Str:  6    XL:     5   Next: 3%
Magic:  2/10       EV: 17    Int: 16    God:    Okawaru [*.....]
Gold:   90         SH:  0    Dex: 16    Spells: 5/10 levels left

rFire   + . .        a - +1 dagger
rCold   + . .        (no shield)
rNeg    . . .        b - +0 robe
rPois   +            (helmet restricted)
rElec   +            (no cloak)
rCorr   +            (gloves unavailable)
SInv    +            (boots unavailable)
Will    .....        (no amulet)
Stlth   +++          f - ring of resist corrosion
HPRegen 0.24/turn    (no ring)
MPRegen 0.12/turn

%: no passive effects
@: mighty, resistant, very quick
A: very small, no large weapons, unfitting armour, see invisible, speed 3
a: Renounce Religion, Heroism


You were on level 3 of the Dungeon.
You worshipped Okawaru.
Okawaru was aware of your devotion.
You visited 1 branch of the dungeon, and saw 3 of its levels.

You collected 90 gold pieces.

Inventory:

Hand Weapons
 a - a +1 dagger (weapon)
 e - a +0 dagger of venom
Armour
 b - a +0 robe (worn)
Magical Staves
 d - a staff of fire
Jewellery
 f - a ring of resist corrosion (left hand)
Potions
 g - 2 potions of attraction
 j - a potion of berserk rage {unknown}
 k - a potion of brilliance {unknown}


   Skills:
 + Level 1.5 Fighting
 - Level 3.0 Short Blades
 - Level 2.6 Dodging
 + Level 5.4 Stealth
 + Level 3.1 Spellcasting
 + Level 4.0 Hexes
 + Level 0.8 Ice Magic
 + Level 0.8 Invocations


You had 5 spell levels left.
You knew the following spells:

 Your Spells              Type           Power      Damage    Failure   Level
a - Ensorcelled Hibernat  Hex/Ice        20%        N/A       11%         2
b - Confusing Touch       Hex            15%        N/A       11%         3

Your spell library contained the following spells:

 Spells                   Type           Power      Damage    Failure   Level
 Dazzling Flash           Conj/Hex       18%        N/A       24%         3
 Ozocubu's Armour         Ice            5%         N/A       36%         3
 Ozocubu's Refrigeration  Ice            2%         4d8       100%        7
 Tukima's Dance           Hex            Unusable   N/A       N/A         3

Dungeon Overview and Level Annotations

Branches:
Dungeon (3/15)

Altars:
Okawaru

Shops:
D:2 :

Annotations:
D:3 Grinder, Pargi, Robin


Innate Abilities, Weirdness & Mutations

You are very small and have problems with some larger weapons.
You are too small for most types of armour.
You have supernaturally acute eyesight. (SInv)
You cover ground extremely quickly. (Speed+++)


Message History

Press: ? - help, Dir - move target, f - goblin
Aim: a goblin, wielding a +0 club (strong, about 40% to evade your +1 dagger)
You barely miss the goblin. The goblin misses you.
Hit: a) +1 dagger
Press: ? - help, Dir - move target, f/p - goblin
Aim: a goblin, wielding a +0 club (strong, about 40% to evade your +1 dagger)
You puncture the goblin!
You kill the goblin!
Okawaru accepts your kill. The bat hits you but does no damage.
Hit: a) +1 dagger
Press: ? - help, Dir - move target, f - bat
Aim: a bat (about 46% to evade your +1 dagger)
You closely miss the bat. The bat closely misses you. The bat misses you.
Hit: a) +1 dagger
Press: ? - help, Dir - move target, f/p - bat
Aim: a bat (about 46% to evade your +1 dagger)
You completely miss the bat. The bat hits you.
* * * LOW HITPOINT WARNING * * *
The bat closely misses you.
Unknown command.
Hit: a) +1 dagger
Press: ? - help, Dir - move target, f/p - bat
Aim: a bat (about 46% to evade your +1 dagger)
You puncture the bat!
You kill the bat!
Okawaru accepts your kill.
Hit: a) +1 dagger
Press: ? - help, Dir - move target, f - hobgoblin
Aim: a hobgoblin (strong, about 34% to evade your +1 dagger)
You closely miss the hobgoblin. The hobgoblin closely misses you.
Hit: a) +1 dagger
Press: ? - help, Dir - move target, f/p - hobgoblin
Aim: a hobgoblin (strong, about 34% to evade your +1 dagger)
You puncture the hobgoblin!
You kill the hobgoblin!
Okawaru accepts your kill.
The goblin unwields a +0 dagger.
The goblin wields a +0 sling.
The goblin shoots a sling bullet.
The sling bullet hits you.
You die... #.... g.. g.o

##o.g #
.g#.# #
#g#o# #
#)#.# #
#@#o# #
#.#.#)#.###
#
#.........#
#
#$........#
#
#.........#
#...#.....#
#####.#.###
..#.#
####.#


You could see an orc, a hobgoblin (strong) and 3 goblins.

Vanquished Creatures
  6 adders
  A worm (D:2)
  A dart slug (D:2)
  4 orcs
  8 endoplasms
  A giant cockroach (D:1)
  8 goblins
  9 hobgoblins
  A jackal (D:2)
  6 quokkas
  9 ball pythons
  5 bats
  2 frilled lizards
  7 kobolds
  4 rats
72 creatures vanquished.

Notes
Turn   | Place    | Note
-------+----------+-------------------------------------------
     0 | D:1      | Danienth the Spriggan Enchanter began the quest for the
                  | Orb.
     0 | D:1      | Reached XP level 1. HP: 9/9 MP: 5/5
   313 | D:1      | Reached XP level 2. HP: 14/14 MP: 6/6
   414 | D:1      | Learned a level 2 spell: Ensorcelled Hibernation
   904 | D:1      | Reached XP level 3. HP: 17/17 MP: 8/8
   974 | D:1      | Found a faded altar of an unknown god.
   977 | D:1      | Prayed at the altar of an unknown god.
   977 | D:1      | Became a worshipper of Warmaster Okawaru
   977 | D:1      | Reached * piety under Okawaru
  1132 | D:2      | Reached skill level 1 in Fighting
  1146 | D:2      | Reached skill level 5 in Stealth
  1212 | D:2      | Learned a level 3 spell: Confusing Touch
  1282 | D:2      | Reached XP level 4. HP: 19/22 MP: 1/9
  1563 | D:2      | Found Cuysigg's Book Emporium.
  2148 | D:2      | You fall into a shaft and drop 1 floor!
  2182 | D:3      | Noticed Pargi
  2197 | D:3      | Noticed Grinder
  2444 | D:3      | Noticed Robin
  2455 | D:3      | Reached XP level 5. HP: 5/25 MP: 1/10
  2461 | D:3      | Shot with a sling bullet by a goblin

Illustrated notes

Levels and vault maps discovered:
D:1:      orjb1_lava_funnel, layout_basic, shapermc_ecumenical_altar_hornbeckon,
          kennysheep_crisscross, minmay_fountain_box, serial_park_tiny_2,
          reono_crystal_passage
D:2:      minmay_chambers_of_twos, layout_rooms, serial_shops, shop
D:3:      layout_basic, pf_guarded_unrand_meek, uniq_pargi, uniq_grinder,
          uniq_robin

Skill      XL: |  1  2  3  4 |
---------------+-------------+-----
Short Blades   | 2 3 |  3.0
Fighting       | 1 |  1.5
Stealth        | 5 |  5.4
Spellcasting   | 3 |  3.1
Hexes          | 4 |  4.0
Dodging        | |  2.6
Ice Magic      | |  0.8
Invocations    | |  0.8

Action                     |  1- 3 |  4- 6 || total
---------------------------+-------+-------++-------
  Melee: Dagger            |   122 |    86 ||   208
         Punch             |     1 |       ||     1
   Cast: Ensorcelled Hiber |    11 |    27 ||    38
         Confusing Touch   |       |     1 ||     1
    Use: Potion            |     2 |     3 ||     5
         Scroll            |       |     2 ||     2
   Stab: Sleeping          |    13 |    18 ||    31
 Armour: Robe              |    37 |    33 ||    70
  Dodge: Dodged            |    85 |    80 ||   165

Table legend: (Time is in decaauts)
 A = Elapsed time spent in this place.
 B = Non-inter-level travel time spent in this place.
 C = Inter-level travel time spent in this place.
 D = Time resting spent in this place.
 E = Time spent auto-exploring this place.
 F = Levels seen in this place.
 G = Mean time per level.
                   A        B        C        D        E       F      G
               +--------+--------+--------+--------+--------+-----+--------+
         Total |   2007 |   1956 |     51 |    644 |    866 |   3 |  669.0 |
       Dungeon |   2007 |   1956 |     51 |    644 |    866 |   3 |  669.0 |
               +--------+--------+--------+--------+--------+-----+--------+

Top non-repeatable levels by time:
     D:2: 1060 daAuts
     D:1: 870 daAuts
     D:3: 77 daAuts
